 Dungeon Crawl Stone Soup version 0.29.1-15-g9cfb28693d (webtiles) character file.

Game seed: 7906354964587237974

1449 Peloso the Carver (level 8, 0/70 HPs)
             Began as a Minotaur Fighter on Apr 22, 2023.
             Was a Believer of Okawaru.
             Slain by Duvessa
             ... wielding a +6 rapier of speed
              (11 damage)
             ... on level 4 of the Dungeon.
             The game lasted 00:09:05 (5992 turns).

Peloso the Carver (Minotaur Fighter)                Turns: 5992, Time: 00:09:06

Health: 0/70       AC: 12    Str: 30    XL:     8   Next: 46%
Magic:  0/7        EV:  9    Int:  5    God:    Okawaru [**....]
Gold:   209        SH:  5    Dex: 12    Spells: 7/7 levels left

rFire   . . .      SeeInvis .   a - +0 long sword
rCold   + + +      Faith    .   d - +0 buckler
rNeg    . . .      Spirit   +   x - +2 chain mail {rC+}
rPois   .          Reflect  .   (helmet restricted)
rElec   .          Harm     .   (no cloak)
rCorr   .          Rampage  .   (no gloves)
Will    ++...                   (no boots)
Stlth   ..........              c - amulet of guardian spirit
HPRegen 0.21/turn               y - ring of Ytzups {Contam Fly rC+++ Will++ Str+3}
MPRegen 0.10/turn               l - +6 ring of strength

@: flying
A: horns 2, retaliatory headbutt
a: Renounce Religion, Heroism


You were on level 4 of the Dungeon.
You worshipped Okawaru.
Okawaru was pleased with you.
You visited 2 branches of the dungeon, and saw 7 of its levels.

You collected 209 gold pieces.

Inventory:

Hand Weapons
 a - a +0 long sword (weapon)
Missiles
 p - 2 throwing nets (quivered)
Armour
 b - a +0 scale mail
 d - a +0 buckler (worn)
 x - a +2 chain mail of cold resistance (worn)
Jewellery
 c - an amulet of guardian spirit (around neck)
 f - a +6 ring of dexterity
 i - a +4 ring of protection
 l - a +6 ring of strength (right hand)
 y - the ring of Ytzups (left hand) {Contam Fly rC+++ Will++ Str+3}
   (You found it on level 4 of the Dungeon)

   [ring of flight]

   Str:       It affects your strength (+3).
   rC:        It renders you almost immune to cold.
   Fly:       It grants you flight.
   Contam:    It causes magical contamination when unequipped.
   Will:      It greatly increases your willpower.
Scrolls
 e - a scroll of amnesia {unknown}
 g - 2 scrolls of teleportation {unknown}
 j - a scroll of butterflies {unknown}
 m - a scroll of fear {unknown}
 q - 2 scrolls of magic mapping {unknown}
 t - a scroll of enchant weapon {unknown}
 v - a scroll of immolation {unknown}
 A - a scroll of noise {unknown}
Potions
 h - 2 potions of might
 k - 2 potions of haste
 n - a potion of heal wounds
 o - 2 potions of curing
 r - a potion of invisibility
 s - 2 potions of flight
 w - 3 potions of mutation
 z - a potion of magic


   Skills:
 + Level 5.9 Fighting
 + Level 8.0 Long Blades
 + Level 7.5 Armour
 + Level 2.2 Dodging
 + Level 2.0 Stealth
 + Level 5.4 Shields


You had 7 spell levels left.
You didn't know any spells.
Your spell library contained the following spells:

 Spells                   Type           Power      Damage    Failure   Level
 Leda's Liquefaction      Hex/Erth       0%         N/A       100%        4
 Lee's Rapid Deconstruct  Erth           0%         3d5*      100%        5
 Statue Form              Tmut/Erth      0%         N/A       100%        6
 Storm Form               Tmut/Air       0%         N/A       100%        7
 Maxwell's Capacitive Co  Air            0%         ∞         100%        8
 Summon Lightning Spire   Summ/Air       Unusable   N/A       N/A         4

Dungeon Overview and Level Annotations

Branches:
Dungeon (6/15)             Temple (1/1) D:5

Altars:
Ashenzari
Cheibriados
Elyvilon
Fedhas
Kikubaaqudgha
Makhleb
Okawaru
Qazlal
Ru
Trog
Uskayaw
Vehumet
Wu Jian
Xom
Yredelemnul
Zin
The Shining One

Shops:
D:3 ?[[=(   D:5 **

Annotations:
D:4 Dowan, Duvessa
D:5 Scroll


Innate Abilities, Weirdness & Mutations

You have a pair of horns on your head.
You reflexively headbutt those who attack you in melee.


Message History

Duvessa barely misses you.
Dowan points at you and mumbles some strange words.
You resist with almost no effort. Duvessa barely misses you.
You furiously retaliate!
You headbutt Duvessa, but do no damage. You hit Duvessa but do no damage.
Duvessa is moderately wounded.
Dowan closely misses you. You block Duvessa's attack.
Duvessa hits you with a +6 rapier of speed!
You hit Duvessa but do no damage.
Duvessa is moderately wounded.
Dowan hits you from afar with a +0 spear.
Duvessa hits you with a +6 rapier of speed.
You slash Duvessa! You headbutt Duvessa!
Duvessa is severely wounded.
Dowan hits you but does no damage. Duvessa hits you but does no damage.
Duvessa hits you with a +6 rapier of speed.
You barely miss Duvessa. Your headbutt misses Duvessa.
Duvessa is severely wounded.
Dowan closely misses you.
Duvessa hits you with a +6 rapier of speed.
Dowan casts a spell at Duvessa.
Duvessa seems to speed up.
You hit Duvessa.
Duvessa is severely wounded.
Duvessa closely misses you.
Duvessa hits you with a +6 rapier of speed!
* * * LOW HITPOINT WARNING * * *
You block Duvessa's attack. You block Dowan's attack.
You hit Duvessa.
Duvessa is severely wounded.
Duvessa hits you with a +6 rapier of speed.
* * * LOW HITPOINT WARNING * * *
You block Duvessa's attack. Dowan barely misses you.
You hit Duvessa but do no damage. Your headbutt misses Duvessa.
Duvessa is severely wounded.
Duvessa hits you but does no damage. x2
Dowan hits you from afar with a +0 spear.
* * * LOW HITPOINT WARNING * * *
Duvessa hits you with a +6 rapier of speed!
You die...

#...<<...........#
##.......##.#....#
##......##......#
#....####.######
###........###
##.####.>..##
##.....#.....##
##.............##
#.....@.........#
#.....e.e.......#####.#
#...............#......
#.................# #.#
#........)........###.#
#...............#..##.#
##..............))..#.#
##.....).....###[....#
######.#.####........


You could see Duvessa (fast) and Dowan.

Vanquished Creatures
  Grinder (D:6)
  Sigmund (D:6)
  A water moccasin (D:6)
  2 ice beasts
  A black bear (D:6)
  2 scorpions
  5 hounds
  2 jellies (D:6)
  An orc priest (D:6)
  2 iguanas
  Terence (D:2)
  3 orc wizards (D:5)
  5 adders
  7 gnolls
  An ufetubus (D:5)
  A dart slug (D:1)
  11 orcs
  4 ball pythons
  5 endoplasms
  11 giant cockroaches
  6 hobgoblins
  6 jackals
  3 kobolds
  A quokka (D:1)
  7 bats
  3 frilled lizards
  3 goblins
  4 rats (D:1)
100 creatures vanquished.

Notes
Turn   | Place    | Note
-------+----------+-------------------------------------------
     0 | D:1      | Peloso the Minotaur Fighter began the quest for the Orb.
     0 | D:1      | Reached XP level 1. HP: 19/19 MP: 0/0
   146 | D:1      | Reached XP level 2. HP: 27/27 MP: 1/1
   828 | D:1      | Reached XP level 3. HP: 33/33 MP: 2/2
  1031 | D:2      | Noticed Terence
  1040 | D:2      | Killed Terence
  1041 | D:2      | Reached skill level 3 in Long Blades
  1149 | D:2      | Reached XP level 4. HP: 39/40 MP: 3/3
  1350 | D:2      | Found a faded altar of an unknown god.
  1434 | D:2      | You fall into a shaft and drop 1 floor!
  1579 | D:3      | Found Puhoit's Antique Weapon Shop.
  1675 | D:2      | Reached skill level 4 in Long Blades
  2236 | D:3      | Reached XP level 5. HP: 46/47 MP: 4/4
  2242 | D:3      | Reached skill level 5 in Armour
  2318 | D:3      | Found Ybuframm's Jewellery Emporium.
  2355 | D:3      | Found Felomiag's Magic Scroll Boutique.
  2427 | D:3      | Found Kuxaki's Antique Armour Boutique.
  2518 | D:3      | Found a faded altar of an unknown god.
  2527 | D:3      | Found a radiant altar of Vehumet.
  2645 | D:3      | Found Kunoenaa's Antique Armour Shoppe.
  2723 | D:4      | Noticed Duvessa
  2733 | D:4      | Noticed Dowan
  2937 | D:4      | Identified the ring of Ytzups {Contam Fly rC+++ Will++
                  | Str+3}
  2996 | D:5      | Entered Level 5 of the Dungeon
  3063 | D:5      | Reached skill level 1 in Dodging
  3300 | D:5      | Reached XP level 6. HP: 51/53 MP: 5/5
  3305 | D:5      | Reached skill level 5 in Long Blades
  3403 | D:5      | Found Anodd's General Store.
  3484 | D:5      | Found Gyrchi's Specific Store.
  3523 | D:5      | Found a staircase to the Ecumenical Temple.
  3553 | Temple   | Entered the Ecumenical Temple
  3605 | Temple   | Became a worshipper of Warmaster Okawaru
  3692 | D:5      | Noticed an ice beast
  3703 | D:5      | Killed an ice beast
  3840 | D:5      | Found a glowing silver altar of Zin.
  4255 | D:6      | Reached skill level 5 in Fighting
  4261 | D:6      | Reached XP level 7. HP: 43/61 MP: 4/6
  4311 | D:6      | Reached skill level 6 in Long Blades
  4452 | D:6      | Reached * piety under Okawaru
  4537 | D:6      | Reached skill level 1 in Stealth
  4658 | D:6      | Reached skill level 5 in Shields
  4822 | D:6      | Noticed Sigmund
  4824 | D:6      | Noticed Grinder
  4835 | D:6      | Killed Sigmund
  4836 | D:6      | Reached skill level 7 in Long Blades
  4836 | D:6      | Reached XP level 8. HP: 33/69 MP: 5/7
  4848 | D:6      | Killed Grinder
  5156 | D:6      | Found a bloodstained altar of Trog.
  5297 | D:6      | Reached ** piety under Okawaru
  5450 | D:6      | Reached skill level 8 in Long Blades
  5992 | D:4      | Slain by Duvessa

Illustrated notes

Levels and vault maps discovered:
D:1:      evilmike_arrival_crescent, layout_loops_corners
D:2:      layout_loops_corners, hellmonk_ecumenical_altar_heavens_door,
          uniq_terence
D:3:      layout_basic, nicolae_overflow_ecumenical_swirl, serial_shops,
          nicolae_shop_behind_doors, nicolae_shop_trees, shop,
          nicolae_shop_advertising_works [nicolae_subvault_shop_adworks],
          nicolae_lakefront_shop
D:4:      layout_rooms, nicolae_gozag_seed_capital, uniq_duvessa, uniq_pikel
D:5:      layout_loops_cross, zin_scriptorium, minmay_temple_entry_arrows,
          nicolae_specific_store, roderic_serpentine_path
D:6:      layout_layer_cave, mainiacjoe_overflow_alcove_2, uniq_grinder,
          uniq_sigmund
Temple:   jpeg_temple_clearing

Skill      XL: |  1  2  3  4  5  6  7  8 |
---------------+-------------------------+-----
Armour         | 4 5 6 7 |  7.5
Fighting       | 4 5 |  5.9
Shields        | 4 5 |  5.4
Long Blades    | 3 4 5 7 8 |  8.0
Dodging        | 1 2 |  2.2
Stealth        | 1 2 |  2.0

Action                   |  1- 3 |  4- 6 |  7- 9 || total
-------------------------+-------+-------+-------++-------
Melee: Long sword        |    61 |   162 |    83 ||   306
       Headbutt          |     8 |    32 |    14 ||    54
Invok: Heroism           |       |       |     1 ||     1
  Use: Potion            |     1 |       |       ||     1
       Scroll            |       |     7 |     1 ||     8
Armor: Scale mail        |    26 |    39 |       ||    65
       Chain mail        |       |    39 |    25 ||    64
Dodge: Dodged            |    34 |    59 |    40 ||   133
Block: Buckler           |    13 |    38 |    21 ||    72
